 Dungeon Crawl Stone Soup version 0.24.0-123-gd5b16e6ec5 (webtiles) character file.

Game seed: 13465556565322373529, levelgen mode: deterministic

3077 Curus the Basher (level 9, -2/105 HPs)
             Began as a Black Draconian Berserker on Jan 16, 2020.
             Was a High Priest of Trog.
             Slain by an orc warrior
             ... wielding a +0 glaive
              (4 damage)
             ... on level 6 of the Dungeon on Jan 17, 2020.
             The game lasted 00:33:59 (5719 turns).

Curus the Basher (Black Draconian Berserker)        Turns: 5719, Time: 00:33:59

Health: -2/105     AC: 11    Str: 24    XL:     9   Next: 58%
Magic:  9/9        EV: 13    Int: 10    God:    Trog [*****.]
Gold:   235        SH:  0    Dex: 14    Spells: 8/8 levels left

rFire    . . .     SeeInvis .   k - +1 morningstar
rCold    . . .     Gourm    .   (no shield)
rNeg     . . .     Faith    .   (armour unavailable)
rPois    .         Spirit   .   (helmet restricted)
rElec    +         Reflect  .   d - +1 cloak
rCorr    .         Harm     .   c - +1 pair of gloves
MR       .....                  (no boots)
Stlth    ..........             m - amulet of magic regeneration
HPRegen  0.27/turn              l - +2 ring of intelligence
MPRegen  0.36/turn              (no ring)

@: berserking (expiring), very quick
A: breathe lightning, unfitting armour, electricity resistance, cold-blooded, AC
+7
a: Breathe Lightning, Berserk, Trog's Hand, Brothers in Arms, Renounce Religion


You were on level 6 of the Dungeon.
You worshipped Trog.
Trog was extremely pleased with you.
You were hungry.

You visited 1 branch of the dungeon, and saw 6 of its levels.
You also visited: Ossuary.

You collected 235 gold pieces.

Inventory:

Hand Weapons
 a - a +0 mace
 h - a +0 flail
 k - a +1 morningstar (weapon)
Armour
 c - a +1 pair of gloves (worn)
 d - a +1 cloak (worn)
Jewellery
 l - a +2 ring of intelligence (left hand)
 m - an amulet of magic regeneration (around neck)
 p - an uncursed ring of ice
Wands
 n - a wand of flame (14)
Scrolls
 e - 5 scrolls of remove curse
 g - 4 scrolls of identify
 j - a scroll of teleportation
 q - 3 scrolls of fog
Potions
 f - 2 potions of heal wounds
 i - 5 potions of curing
 o - a potion of invisibility
 r - a potion of brilliance
Comestibles
 b - 8 rations
 s - 7 chunks of flesh


   Skills:
 - Level 3.2 Fighting
 + Level 13.3 Maces & Flails
 - Level 2.6 Dodging


You had 8 spell levels left.
You didn't know any spells.
Your spell library was empty.

Dungeon Overview and Level Annotations

Branches:
Dungeon (6/15)             Temple (0/1) D:4         Ossuary (visited)

Altars:
Ashenzari
Dithmenos
Qazlal
Uskayaw

Annotations:
D:2 Natasha
D:6 2 transporters, toxicsyntax's ghost, novice DEFE


Innate Abilities, Weirdness & Mutations

You can breathe wild blasts of lightning.
Your glossy black scales are hard. (AC +7)
You cannot fit into any form of body armour.
You are resistant to electric shocks. (rElec)
You are cold-blooded and may be slowed by cold attacks.


Message History

The orc warrior hits you from afar with a +0 glaive.
* * * LOW HITPOINT WARNING * * *
You hit the orc.
The orc is lightly wounded.
You barely miss the orc.
The orc is lightly wounded.
The orc closely misses you.
You closely miss the orc.
The orc is lightly wounded.
The orc warrior hits you from afar with a +0 glaive!
* * * LOW HITPOINT WARNING * * *
You closely miss the orc.
The orc is lightly wounded.
The orc hits you with a +0 morningstar!
* * * LOW HITPOINT WARNING * * *
You sock the orc!
You kill the orc!
Trog accepts your kill.
The orc warrior hits you from afar with a +0 glaive.
You die...

#.......................
#..................(....
#.......................
#.......................
###'########....######..
#....#....#....# #..
#....#o...#....# #..
#....#))..#....# #..
#....#@)..#....# #..
#....'....#....# #..
#...####..#....# #..
#...# ..###### ..^ #....
[.# #... ..# #### ##


You could see an orc warrior.

Vanquished Creatures
  Pikel (D:5)
  Sigmund (D:5)
  Eustachio (D:6)
  Menkaure (D:5)
  An orc warrior (D:6)
  A sky beast (D:2)
  A black bear (D:6)
  A phantom (D:5)
  An ogre (D:6)
  A centaur (D:6)
  11 scorpions
  A howler monkey (D:5)
  3 crimson imps
  2 human zombies (Ossuary)
  4 hounds
  3 orc priests
  A bullfrog skeleton (D:6)
  7 orc wizards
  Crazy Yiuf (D:5)
  An iguana (D:5)
  Natasha (D:2)
  3 worker ants
  3 mummies (Ossuary)
  Robin (D:4)
  6 gnolls
  A howler monkey skeleton (D:4)
  3 scorpion zombies (Ossuary)
  8 adders
  2 shadow imps
  2 worms
  A dart slug (D:1)
  3 leopard geckos
  28 orcs
  7 bats
  4 giant cockroaches
  13 goblins
  8 hobgoblins
  3 jackals (D:2)
  6 kobolds
  A quokka (D:6)
  A ball python (D:1)
  A ball python zombie (D:5)
  3 frilled lizards
  A giant cockroach zombie (D:6)
  2 gnoll zombies (Ossuary)
  7 goblin zombies (Ossuary)
  4 kobold zombies (Ossuary)
  A leopard gecko zombie (D:5)
  2 orc zombies (Ossuary)
  4 rats
174 creatures vanquished.

Vanquished Creatures (others)
  A centaur (D:5)
  An orc (D:5)
2 creatures vanquished.

Grand Total: 176 creatures vanquished

Notes
Turn   | Place    | Note
-------+----------+-------------------------------------------
     0 | D:1      | Curus the Draconian Berserker began the quest for the Orb.
     0 | D:1      | Reached XP level 1. HP: 19/19 MP: 1/1
   150 | D:1      | Reached XP level 2. HP: 26/26 MP: 2/2
   908 | D:2      | Reached skill level 4 in Maces & Flails
   962 | D:2      | Reached XP level 3. HP: 19/31 MP: 3/3
  1255 | D:2      | Noticed a sky beast
  1282 | D:2      | Killed a sky beast
  1282 | D:2      | Reached skill level 5 in Maces & Flails
  1282 | D:2      | Reached XP level 4. HP: 6/38 MP: 4/4
  1282 | D:2      | Reached XP level 5. HP: 7/45 MP: 5/5
  1615 | D:2      | Reached skill level 6 in Maces & Flails
  1618 | D:2      | Found a shadowy altar of Dithmenos.
  1699 | D:2      | Found a faded altar of an unknown god.
  1709 | D:2      | Noticed Natasha
  1718 | D:2      | Reached ** piety under Trog
  1749 | D:2      | HP: 1/45 [Natasha/magic dart (5)]
  1754 | D:2      | Killed Natasha
  1757 | D:2      | Noticed Natasha
  1927 | D:3      | Reached XP level 6. HP: 26/51 MP: 6/6
  2125 | D:3      | Found a hide-covered altar of Uskayaw.
  2138 | D:3      | Reached skill level 7 in Maces & Flails
  3243 | D:4      | Found a staircase to the Ecumenical Temple.
  3243 | D:4      | Noticed Robin
  3248 | D:4      | Reached *** piety under Trog
  3277 | D:4      | Killed Robin
  3497 | D:5      | Entered Level 5 of the Dungeon
  3516 | D:5      | Found a shattered altar of Ashenzari.
  3547 | D:5      | Reached skill level 8 in Maces & Flails
  3547 | D:5      | Your scales start taking on a glossy black colour.
  3547 | D:5      | Reached XP level 7. HP: 57/57 MP: 7/7
  3547 | D:5      | Gained mutation: You are resistant to electric shocks.
                  | (rElec) [Black Draconian growth]
  3613 | D:5      | Noticed Pikel
  3622 | D:5      | Killed Pikel
  3622 | D:5      | Reached skill level 9 in Maces & Flails
  3622 | D:5      | Reached XP level 8. HP: 38/63 MP: 8/8
  3629 | D:5      | Reached skill level 10 in Maces & Flails
  3645 | D:5      | Noticed Menkaure
  3652 | D:5      | Killed Menkaure
  3675 | D:5      | Found a sand-covered staircase.
  3691 | Ossuary  | Entered an ossuary
  3898 | Ossuary  | Reached **** piety under Trog
  3909 | Ossuary  | Reached skill level 11 in Maces & Flails
  4432 | D:5      | Found a runed translucent door.
  4433 | D:5      | Noticed Crazy Yiuf
  4541 | D:5      | Found a stormy altar of Qazlal.
  4618 | D:5      | Noticed Sigmund
  4620 | D:5      | Reached XP level 9. HP: 70/70 MP: 9/9
  4636 | D:5      | Reached skill level 12 in Maces & Flails
  4643 | D:5      | Killed Sigmund
  4956 | D:5      | Killed Crazy Yiuf
  5129 | D:6      | Reached ***** piety under Trog
  5435 | D:6      | Noticed Eustachio
  5437 | D:6      | Received a gift from Trog
  5470 | D:6      | Killed Eustachio
  5470 | D:6      | Reached skill level 13 in Maces & Flails
  5515 | D:6      | Found a transporter.
  5578 | D:6      | Noticed toxicsyntax's ghost (novice DEFE)
  5579 | D:6      | Found a transporter.
  5581 | D:6      | Noticed a two-headed ogre
  5718 | D:6      | HP: 2/105 [orc/+0 morningstar (7)]
  5719 | D:6      | Slain by an orc warrior

Levels and vault maps discovered:
D:1:      mushboom_english_gardens, layout_loops_corners, serial_forest,
          infiniplex_forest_clump_diagonal, infiniplex_forest_lined_4_way,
          infiniplex_forest_zigzag_1, infiniplex_forest_diagonal,
          infiniplex_forest_clump_tiny, infiniplex_forest_clump_small,
          infiniplex_forest_zigzag_1, infiniplex_forest_straight_4,
          serial_bayou_pond_c, minmay_misc_feat_alley
D:2:      layout_rooms, chequers_ecumenical_altar_island,
          nicolae_dithmenos_through_a_glass_darkly, uniq_natasha
D:3:      layout_loops_ring, eat_drink_and_be_merry_uskayaw,
          grunt_decor_resistance
D:4:      layout_loops_ring, temple_green, hex_tiny, uniq_robin
D:5:      minmay_evil_eye, layout_basic, lemuel_crystal_altar,
          nicolae_ossuary_entry_false_entrances, first_ration, basic_altar,
          uniq_pikel, uniq_crazy_yiuf_cottage, uniq_menkaure, uniq_sigmund
D:6:      layout_gridville, gammafunk_ghost_smash, uniq_eustachio

Skill      XL: |  1  2  3  4  5  6  7  8  9 |
---------------+----------------------------+-----
Maces & Flails | 4 5 6 8 9 11 13 | 13.3
Fighting       | |  3.2
Dodging        | |  2.6

Action                   |  1- 3 |  4- 6 |  7- 9 || total
-------------------------+-------+-------+-------++-------
Melee: Mace              |    86 |   114 |       ||   200
       Tailslap          |     7 |    34 |    52 ||    93
       Morningstar       |       |    80 |   337 ||   417
       Flail             |       |    31 |       ||    31
Invok: Berserk           |     1 |     1 |     3 ||     5
       Trog's Hand       |       |     1 |     1 ||     2
 Abil: Breathe Lightning |       |       |     2 ||     2
Evoke: Wand              |       |       |     4 ||     4
  Use: Scroll            |     4 |     1 |     4 ||     9
       Potion            |     2 |     2 |     6 ||    10
 Stab: Sleeping          |       |     1 |       ||     1
  Eat: Chunk             |     1 |    10 |     7 ||    18
       Ration            |       |       |     1 ||     1
Armor: Skin              |    37 |    88 |   111 ||   236
Dodge: Dodged            |    41 |   148 |   223 ||   412
